 Dungeon Crawl Stone Soup version 0.26-a0-663-g36e8fdb655 (console) character file.

Game seed: 16801742370699678079

17484 jejorda2 the Carver (level 12, -4/101 HPs)
             Began as a Minotaur Berserker on Oct 10, 2020.
             Was a High Priest of Trog.
             Killed from afar by a deep elf knight (16 damage)
             ... with a stone arrow
             ... on level 12 of the Dungeon.
             The game lasted 00:27:54 (13496 turns).

jejorda2 the Carver (Minotaur Berserker)           Turns: 13496, Time: 00:27:55

Health: -4/101     AC: 21    Str: 26    XL:     12   Next: 19%
Magic:  11/11      EV: 23    Int:  7    God:    Trog [*****.]
Gold:   700        SH:  0    Dex: 11    Spells: 11/11 levels left

rFire    . . .     SeeInvis .   a - +8 scimitar (vorpal)
rCold    . . .     Faith    .   (no shield)
rNeg     . . .     Spirit   .   C - +0 plate armour
rPois    .         Reflect  .   H - +2 hat {Int+3}
rElec    .         Harm     .   x - +0 cloak
rCorr    .         Rampage  .   p - +0 pair of gloves
MR       .....                  j - +2 pair of boots
Stlth    ..........             E - amulet of the acrobat
HPRegen  0.26/turn              (no ring)
MPRegen  0.12/turn              (no ring)

@: marked, berserk cooldown, acrobat, slowed, very slow
A: retaliatory headbutt, horns 2
a: Berserk, Trog's Hand, Brothers in Arms, Renounce Religion


You were on level 12 of the Dungeon.
You worshipped Trog.
Trog was extremely pleased with you.
You visited 1 branch of the dungeon, and saw 14 of its levels.

You collected 920 gold pieces.
You spent 220 gold pieces at shops.

Inventory:

Hand Weapons
 a - a +8 vorpal scimitar (weapon)
 b - a +4 shortbow of flaming
 n - a +0 shortbow of freezing
 o - a +0 vorpal great sword
 y - a +1 falchion
Missiles
 i - 328 arrows
 v - 22 curare-tipped darts (quivered)
 K - 2 throwing nets
Armour
 j - a +2 pair of boots (worn)
 p - a +0 pair of gloves (worn)
 x - a +0 cloak (worn)
 C - a +0 plate armour (worn)
 H - a +2 hat of intelligence (worn)
Jewellery
 E - an amulet of the acrobat (around neck)
Wands
 l - a wand of acid (7)
 s - a wand of digging (7)
 z - a wand of disintegration (19)
 A - a wand of random effects (40)
 B - a wand of iceblast (4)
 D - a wand of flame (21)
 F - a wand of paralysis (6)
Scrolls
 c - 2 scrolls of enchant armour
 d - 3 scrolls of remove curse
 k - 3 scrolls of fear
 m - 5 scrolls of teleportation
 q - 4 scrolls of magic mapping
Potions
 e - 3 potions of heal wounds
 f - a potion of ambrosia
 g - 3 potions of flight
 h - 2 potions of lignification
 r - a potion of cancellation
 t - 4 potions of haste
 u - 2 potions of curing
 w - a potion of magic
 I - 2 potions of invisibility
 J - 2 potions of stabbing
 L - 2 potions of might
 N - 2 potions of resistance
Miscellaneous
 G - a condenser vane (1/2)


   Skills:
 - Level 8.0 Fighting
 + Level 14.7 Long Blades
 * Level 13.1 Bows
 + Level 8.1 Armour
 - Level 2.1 Dodging
 - Level 4.0 Evocations


You had 11 spell levels left.
You didn't know any spells.
Your spell library was empty.

Dungeon Overview and Level Annotations

Branches:
Dungeon (14/15)            Temple (0/1) D:4            Lair (0/6) D:8
    Orc (0/2) D:12
 Vaults: D:13-14

Altars:
Cheibriados
Dithmenos
Fedhas
Gozag
Hepliaklqana
Kikubaaqudgha
Nemelex Xobeh
Okawaru
Sif Muna
Trog
Uskayaw
Vehumet
Wu Jian
Xom
Zin

Shops:
D:9 }}(

Annotations:
D:5 exclusion: door


Innate Abilities, Weirdness & Mutations

You reflexively headbutt those who attack you in melee.
You have a pair of horns on your head.


Message History

A deep elf mage comes into view. It is wielding a +0 short sword.
The ice beast completely misses your ogre.
A deep elf mage comes into view. It is wielding a +0 long sword.
The ice beast hits your ogre. The ice beast freezes your ogre!
Your ogre dies!
Your ogre's corpse disappears in a puff of smoke!
The manticore flicks its tail.
The volley of spikes hits something!
The deep elf mage gestures at you while chanting.
The bolt of cold hits something!!
You feel a bit more experienced. The bolt of cold hits you!!
* * * LOW HITPOINT WARNING * * *
The deep elf mage moves out of view.
Unknown command.
The deep elf knight completely misses you.
The deep elf mage gestures wildly while chanting.
The deep elf mage blinks!
The deep elf knight casts a spell at you.
The stone arrow hits you!
You die...

..........#
..........#
....###....
........... ###
.........#. ..
.......### #.##
.......## ..#
#.......### #.##
#.........# #@.#
.[........#######e###
............YhY.ee..#
..#..#..#.)#§.#).#..#
.......e..)e)§H.....#
...........e........#
.########)'##########
.# #.e..# .# #.)).#


You could see a deep elf knight (fast) and a deep elf mage.

Vanquished Creatures
  Erolcha (D:12)
  Harold (D:11)
  2 two-headed ogres
  2 unseen horrors
  Pikel (D:4)
  3 ugly things
  8 deep elf magi (D:12)
  A cyclops (D:11)
  2 trolls
  A wraith (D:10)
  A wyvern (D:11)
  Eustachio (D:6)
  Grum (D:9)
  6 orc warriors
  2 black bears
  2 phantoms
  An eye of draining (D:10)
  8 ice beasts
  9 centaurs
  An ogre (D:4)
  The ghost of jestyr24 the Conjurer, an amateur DrCj (D:4)
  4 wolves (D:9)
  3 big kobolds
  8 bullfrogs
  A wyvern skeleton (D:9)
  8 scorpions
  17 killer bees
  3 electric eels
  3 howler monkeys
  2 bullfrog zombies
  2 centaur skeletons
  2 centaur zombies
  2 bullfrog skeletons
  4 orc priests
  3 hounds
  A jelly (D:6)
  11 orc wizards
  A gnoll shaman (D:9)
  4 iguanas
  9 worker ants
  2 worker ant zombies
  7 gnolls
  13 adders
  2 shadow imps
  6 white imps
  4 ufetubi
  2 oozes
  2 adder skeletons (D:4)
  4 worms
  3 dart slugs
  4 leopard geckos
  38 orcs
  5 ball pythons
  3 bats (D:1)
  2 bat zombies (D:9)
  5 giant cockroaches
  6 goblins
  2 hobgoblins
  14 jackals
  7 quokkas
  5 frilled lizards
  A jackal skeleton (D:4)
  A jackal zombie (D:5)
  20 kobolds
  A leopard gecko skeleton (D:4)
  8 rats
  4 rat zombies (D:9)
314 creatures vanquished.

Vanquished Creatures (collateral kills)
  A deep elf mage (D:12)
  2 orc warriors (D:12)
  An orc (D:12)
4 creatures vanquished.

Vanquished Creatures (others)
  A deep elf knight (D:12)
  2 orc wizards (D:12)
  14 fungi
  10 plants (D:8)
  6 toadstools (D:10)
33 creatures vanquished.

Grand Total: 351 creatures vanquished

Notes
Turn   | Place    | Note
-------+----------+-------------------------------------------
     0 | D:1      | jejorda2 the Minotaur Berserker began the quest for the
                  | Orb.
     0 | D:1      | Reached XP level 1. HP: 19/19 MP: 0/0
   166 | D:1      | Reached skill level 4 in Long Blades
   279 | D:1      | Reached XP level 2. HP: 22/27 MP: 1/1
  1311 | D:2      | Reached XP level 3. HP: 30/33 MP: 2/2
  1994 | D:2      | Reached ** piety under Trog
  2202 | D:3      | Reached skill level 5 in Long Blades
  2356 | D:3      | Found an ornate altar of the Wu Jian Council.
  2476 | D:3      | Reached XP level 4. HP: 37/41 MP: 3/3
  3318 | D:4      | Noticed jestyr24's ghost (amateur DrCj)
  3322 | D:4      | Found a runed translucent door.
  3335 | D:4      | Reached skill level 5 in Fighting
  3335 | D:4      | Reached skill level 6 in Long Blades
  3335 | D:4      | Reached XP level 5. HP: 42/48 MP: 4/4
  3380 | D:4      | Killed jestyr24's ghost
  3629 | D:4      | Reached skill level 7 in Long Blades
  3629 | D:4      | Reached XP level 6. HP: 48/56 MP: 5/5
  3767 | D:4      | Found a staircase to the Ecumenical Temple.
  3784 | D:4      | Reached *** piety under Trog
  3848 | D:4      | Found an iron altar of Okawaru.
  3853 | D:4      | Noticed Pikel
  3867 | D:4      | Killed Pikel
  3867 | D:4      | Reached skill level 9 in Long Blades
  3867 | D:4      | Reached XP level 7. HP: 23/63 MP: 6/6
  4149 | D:4      | Reached skill level 10 in Long Blades
  4324 | D:4      | Found a hazy altar of Hepliaklqana.
  4537 | D:5      | Entered Level 5 of the Dungeon
  4706 | D:5      | Found a shimmering blue altar of Sif Muna.
  4877 | D:5      | Reached XP level 8. HP: 70/70 MP: 7/7
  5204 | D:5      | Reached skill level 11 in Long Blades
  5236 | D:5      | Found a bloodstained altar of Trog.
  5237 | D:5      | Found a shimmering altar of Xom.
  5243 | D:5      | Found a snail-covered altar of Cheibriados.
  5653 | D:5      | Found a glowing silver altar of Zin.
  5653 | D:5      | Noticed an angel
  5796 | D:6      | Reached skill level 1 in Bows
  6087 | D:6      | Noticed Eustachio
  6093 | D:6      | Killed Eustachio
  6298 | D:6      | Found a radiant altar of Vehumet.
  6571 | D:6      | Found an ornate altar of the Wu Jian Council.
  6958 | D:7      | Found a blossoming altar of Fedhas.
  7116 | D:7      | Reached skill level 12 in Long Blades
  7139 | D:7      | Reached XP level 9. HP: 56/75 MP: 8/8
  7168 | D:7      | Reached **** piety under Trog
  7168 | D:7      | Reached skill level 5 in Armour
  7771 | D:7      | Found a hide-covered altar of Uskayaw.
  7772 | D:7      | Found a blossoming altar of Fedhas.
  8348 | D:8      | Found a sparkling altar of Nemelex Xobeh.
  8414 | D:8      | Reached skill level 13 in Long Blades
  8418 | D:8      | Found a shadowy altar of Dithmenos.
  8590 | D:8      | Found a staircase to the Lair.
  8725 | D:9      | Noticed a two-headed ogre
  8743 | D:9      | Reached skill level 5 in Bows
  8752 | D:9      | Killed a two-headed ogre
  8824 | D:9      | Reached XP level 10. HP: 83/83 MP: 9/9
  8854 | D:9      | Found an ancient bone altar of Kikubaaqudgha.
  8918 | D:9      | Reached skill level 14 in Long Blades
  9277 | D:9      | Found Pigank's Gadget Emporium.
  9316 | D:9      | Reached ***** piety under Trog
  9540 | D:9      | Found Geyff's Weapon Shoppe.
  9585 | D:9      | Got a translucent dagger
  9585 | D:9      | Identified the cursed +0 dagger of the Unkillable {protect,
                  | Stlth+} (You found it on level 9 of the Dungeon)
  9766 | D:9      | Received a gift from Trog
  9866 | D:9      | Found Cesyat's Gadget Shoppe.
  9877 | D:9      | Bought a condenser vane (2/2) for 220 gold pieces
  9898 | D:9      | Noticed Grum
  9902 | D:9      | Killed Grum
  9908 | D:9      | Reached skill level 1 in Evocations
 10066 | D:9      | Found an opulent altar of Gozag.
 10312 | D:10     | Entered Level 10 of the Dungeon
 10606 | D:10     | You fall into a shaft and drop 1 floor!
 10606 | D:11     | Noticed a two-headed ogre
 10610 | D:11     | Killed a two-headed ogre
 10695 | D:11     | Killed an unseen horror
 10859 | D:11     | Noticed a cyclops
 10868 | D:11     | Reached XP level 11. HP: 89/94 MP: 10/10
 10899 | D:11     | Reached skill level 10 in Bows
 11117 | D:11     | You fall into a shaft and drop 3 floors!
 11117 | D:14     | Noticed a green ugly thing
 11117 | D:14     | Noticed a green ugly thing
 11118 | D:14     | Noticed a green ugly thing
 11131 | D:13     | Killed a green ugly thing
 11201 | D:12     | Noticed a deep elf mage
 11203 | D:12     | Found a staircase to the Orcish Mines.
 11205 | D:12     | Noticed a purple ugly thing
 11220 | D:12     | Killed a purple ugly thing
 11226 | D:12     | Killed a deep elf mage
 11230 | D:12     | Noticed a deep elf mage
 11238 | D:12     | Killed a deep elf mage
 11264 | D:12     | Noticed a deep elf mage
 11269 | D:12     | Killed a deep elf mage
 11526 | D:10     | Received a gift from Trog
 12256 | D:11     | Noticed Harold
 12273 | D:11     | Killed Harold
 12881 | D:12     | Noticed a deep elf mage
 12889 | D:12     | Killed a deep elf mage
 13135 | D:12     | Noticed a brown ugly thing
 13146 | D:12     | Killed a brown ugly thing
 13218 | D:12     | Killed an unseen horror
 13327 | D:12     | Noticed Erolcha
 13336 | D:12     | Killed Erolcha
 13336 | D:12     | Reached XP level 12. HP: 101/101 MP: 11/11
 13496 | D:12     | Killed from afar by a deep elf knight

Illustrated notes

Levels and vault maps discovered:
D:1:      lemuel_arrival_tunnels, layout_loops_corners,
          chequers_serial_rivers_small_b
D:2:      layout_basic, serial_park_tiny_2, chequers_decorated_corner,
          roderic_lattice_a, minmay_split_cup_large
D:3:      layout_basic, overflow_temple_1_default, minmay_parallelograms,
          minmay_distorted
D:4:      layout_gridville, nicolae_overflow_crystal_walls,
          okawaru_metal_pillars_1_2, minmay_temple_entry_statues_pillars,
          hellmonk_ghost_happy_afterlife, uniq_pikel
D:5:      layout_basic, zin_angel, grunt_temple_overflow_open,
          hangedman_glass_teeth, led_sif_book
D:6:      layout_layer_cave, basic_altar, lemuel_statue_altar, uniq_eustachio
D:7:      layout_rooms, gammafunk_temple_overflow_statue, basic_altar
D:8:      layout_gridville, nemelex_xobeh_ov_fountains_minmay,
          grunt_lair_entry_orc_guard_hut, basic_altar
D:9:      layout_basic, lemuel_zombie_altar_kikubaaqudgha, marbit_many_paths,
          serial_shops, kennysheep_little_box, shop, shop, serial_ice,
          serial_ice_g, serial_ice_n, serial_ice_i, serial_ice_a, serial_ice_b,
          serial_ice_m, uniq_grum
D:10:     layout_basic, hex_intersection, minmay_gold_behind_fungi
D:11:     layout_basic, uniq_harold
D:12:     minmay_elf_outpost, layout_cave_pools, orc_david_3, dk_noncrumbling_3,
          uniq_erolcha
D:13:     layout_grid_maze
D:14:     layout_basic, lightli_vaults_fourway_checkpoint,
          small_statue_intersection, uniq_jorgrun

Skill      XL: |  1  2  3  4  5  6  7  8  9 10 11 12 |
---------------+-------------------------------------+-----
Long Blades    | 4 5 6 7 9 10 12 13 14 | 14.7
Fighting       | 4 5 6 8 |  8.0
Bows           | 3 5 9 12 13 | 13.1
Armour         | 4 6 7 8 |  8.1
Evocations     | 2 4 |  4.0
Dodging        | |  2.1

Action                   |  1- 3 |  4- 6 |  7- 9 | 10-12 || total
-------------------------+-------+-------+-------+-------++-------
Melee: Falchion          |   102 |    87 |   280 |   145 ||   614
       Headbutt          |    15 |    16 |    53 |    77 ||   161
       Scimitar          |       |       |       |   199 ||   199
 Fire: Shortbow          |       |       |     7 |    50 ||    57
Invok: Berserk           |       |     2 |     3 |     4 ||     9
       Trog's Hand       |       |       |     1 |     2 ||     3
       Brothers in Arms  |       |       |       |     2 ||     2
Evoke: Condenser vane    |       |       |       |     1 ||     1
  Use: Scroll            |       |       |    19 |    10 ||    29
       Potion            |       |       |     3 |     2 ||     5
Armor: Animal skin       |     4 |       |       |       ||     4
       Leather armour    |    26 |    18 |     5 |       ||    49
       Ring mail         |       |       |    22 |       ||    22
       Scale mail        |       |       |    68 |       ||    68
       Plate armour      |       |       |    12 |   202 ||   214
Dodge: Dodged            |    59 |    51 |   114 |   168 ||   392
       Rpst.: Falchion   |    12 |    16 |    37 |    13 ||    78
       Scimitar          |       |       |       |    23 ||    23

Table legend: (Time is in decaauts)
 A = Elapsed time spent in this place.
 B = Non-inter-level travel time spent in this place.
 C = Inter-level travel time spent in this place.
 D = Time resting spent in this place.
 E = Time spent auto-exploring this place.
 F = Levels seen in this place.
 G = Mean time per level.
                   A        B        C        D        E       F      G
               +--------+--------+--------+--------+--------+-----+--------+
         Total |  13333 |  12986 |    347 |    415 |  10680 |  14 |  952.4 |
       Dungeon |  13333 |  12986 |    347 |    415 |  10680 |  14 |  952.4 |
               +--------+--------+--------+--------+--------+-----+--------+

Top non-repeatable levels by time:
     D:9: 1532 daAuts
     D:4: 1426 daAuts
    D:11: 1265 daAuts
     D:1: 1239 daAuts
     D:6: 1184 daAuts
     D:3: 1105 daAuts
     D:5: 1081 daAuts
    D:10: 1039 daAuts
     D:2: 928 daAuts
     D:7: 853 daAuts
     D:8: 835 daAuts
    D:12: 763 daAuts
    D:13: 69 daAuts
    D:14: 7 daAuts
